 Dungeon Crawl Stone Soup version 0.25-a0-737-g26c3a87c45 (webtiles) character file.

Game seed: 5440993794050725072, levelgen mode: classic

58591 Amnesiac the Gelid (level 14, -1/128 (129) HPs)
             Began as a Ghoul Ice Elementalist on Apr 11, 2020.
             Was the Champion of Vehumet.
             Slain by a vampire knight
             ... wielding the +3 flail "Itwir" {chaos, +Fly rElec rPois MR-}
              (7 damage)
             ... on level 13 of the Dungeon.
             The game lasted 00:52:01 (16029 turns).

Amnesiac the Gelid (Ghoul Ice Elementalist)        Turns: 16029, Time: 00:52:02

HP:   -1/128 (129)  AC: 12    Str:  9    XL:     14   Next: 91%
MP:   0/27          EV:  8    Int: 25    God:    Vehumet [******]
Gold: 2026          SH:  0    Dex:  9    Spells: 13/34 levels left

rFire    . . .     SeeInvis .   M - +4 shortbow of Rorimaj {speed, +Inv rN++}
rCold    + . .     Gourm    .   (shield currently unavailable)
rNeg     + + +     Faith    +   x - +2 scale mail of Divine Compulsion {Str-4 Int+8 Slay+4}
rPois    ∞         Spirit   +   S - +2 hat of the Bear Spirit {Spirit, +Rage rN+ MR++}
rElec    +         Reflect  .   z - +1 cloak
rCorr    .         Harm     .   (no gloves)
MR       ++++.                  (no boots)
Stlth    ..........             q - amulet of faith
HPRegen  0.00/turn              e - ring of Duenk {+Blink rElec rPois MR+}
MPRegen  0.20/turn              F - +3 ring of intelligence

@: about to teleport, rotting, slowed, very slow
A: rotting body, claws 1, carnivore, cold resistance 1, negative energy
resistance 3, inhibited regeneration, torment resistance, unbreathing
a: Renounce Religion, Evoke Blink, Evoke Invisibility


You were on level 13 of the Dungeon.
You worshipped Vehumet.
Vehumet was exalted by your worship.
You were not hungry.

You visited 2 branches of the dungeon, and saw 16 of its levels.

You collected 3297 gold pieces.
You spent 1271 gold pieces at shops.

Inventory:

Hand Weapons
 a - a +4 scimitar of flaming
 b - a +2 hunting sling
 M - the +4 shortbow of Rorimaj (weapon) {speed, +Inv rN++}
   (You found it on level 11 of the Dungeon)

   Attacks with this weapon are significantly faster.
   It greatly protects you from negative energy.
   It lets you turn invisible.
Missiles
 d - 362 stones
 k - 42 sling bullets
 E - 16 poisoned darts
 K - 4 curare-tipped darts
 N - 546 arrows (quivered)
Armour
 w - a +0 buckler
 x - the +2 scale mail of Divine Compulsion (worn) {Str-4 Int+8 Slay+4}
   (You found it on level 8 of the Dungeon)

   It affects your strength (-4).
   It affects your intelligence (+8).
   It affects your accuracy and damage with ranged weapons and melee attacks
   (+4).
 z - a +1 cloak (worn)
 S - the +2 hat of the Bear Spirit (worn) {Spirit, +Rage rN+ MR++}
   (You bought it in a shop on level 2 of the Orcish Mines)

   It protects you from negative energy.
   It affects your resistance to hostile enchantments.
   It lets you go berserk.
Magical Staves
 p - an uncursed staff of energy {!a}
 L - an uncursed staff of fire
Jewellery
 e - the ring of Duenk (left claw) {+Blink rElec rPois MR+}
   (You found it on level 7 of the Dungeon)

   [ring of poison resistance]

   It insulates you from electricity.
   It protects you from poison.
   It affects your resistance to hostile enchantments.
   It lets you blink.
 m - an uncursed ring of protection from cold
 q - an amulet of faith (around neck)
 s - a +5 ring of dexterity
 u - a +5 amulet of reflection
 y - an uncursed ring of flight
 F - a +3 ring of intelligence (right claw)
 G - an uncursed ring of ice
 O - a +3 ring of protection
 Q - a cursed amulet of inaccuracy {unknown}
Wands
 i - a wand of polymorph (3)
 l - a wand of flame (20)
 t - a wand of digging (9)
 A - a wand of paralysis (12)
 D - a wand of iceblast (4)
 J - a wand of disintegration (6)
Scrolls
 h - 2 scrolls of blinking {!r}
 j - 11 scrolls of remove curse {!r}
 n - 2 scrolls of magic mapping {!r}
 r - 4 scrolls of teleportation {!r}
 v - a scroll of fog {!r}
 P - a scroll of fear {!r}
Potions
 f - a potion of resistance {!q}
 g - 7 potions of haste {!q}
 o - 3 potions of flight {!q}
 B - 4 potions of curing {!q}
 H - a potion of brilliance {!q}
 T - a potion of might {!q}
Comestibles
 c - 22 rations
 C - 5 chunks of flesh


   Skills:
 + Level 13.5 Fighting
 - Level 1.7 Dodging
 - Level 2.1 Stealth
 - Level 4.0 Shields
 + Level 10.9 Spellcasting
 * Level 18.7 Ice Magic


You had 13 spell levels left.
You knew the following spells:

 Your Spells              Type           Power        Failure   Level  Hunger
a - Freeze                Ice            ####         0%          1    None
b - Frozen Ramparts       Ice            ######       1%          3    None
c - Summon Ice Beast      Ice/Summ       ######..     9%          4    None
d - Hailstorm             Conj/Ice       ######..     2%          4    None
e - Ozocubu's Refrigerat  Ice            #######...   1%          6    #####..
z - Ozocubu's Armour      Chrm/Ice       ######..     2%          3    None

Your spell library contained the following spells:

 Spells                   Type           Power        Failure   Level  Hunger
 Orb of Destruction       Conj           ##........   100%        7    #######
 Ensorcelled Hibernation  Hex/Ice        ######       1%          2    None
 Metabolic Englaciation   Hex/Ice        ######....   22%         5    ####...
 Dazzling Flash           Conj/Hex       ##....       28%         3    None
 Corona                   Hex            ##.....      36%         1    None
 Summon Small Mammal      Summ           ##..         36%         1    None
 Call Imp                 Summ           ##......     52%         2    None
 Freezing Cloud           Conj/Ice/Air   #####.....   71%         6    #####..
 Call Canine Familiar     Summ           ##......     75%         3    None
 Confusing Touch          Hex            ##......     75%         3    None
 Summon Guardian Golem    Hex/Summ       ##......     75%         3    None
 Tukima's Dance           Hex            ##......     75%         3    None
 Simulacrum               Ice/Necr       ######....   77%         6    #####..
 Yara's Violent Unravell  Hex/Tmut       ##........   92%         5    ####...
 Cause Fear               Hex            ##........   98%         4    None
 Summon Lightning Spire   Summ/Air       ##......     98%         4    None
 Silence                  Hex/Air        ##........   100%        5    ####...
 Deflect Missiles         Chrm/Air       ##........   100%        6    #####..
 Discord                  Hex            ##........   100%        8    #######
 Ice Form                 Ice/Tmut       Unusable     N/A         4    N/A

Dungeon Overview and Level Annotations

Branches:
Dungeon (14/15)            Temple (0/1) D:5            Lair (0/6) D:10
    Orc (2/2) D:12            Elf (0/3) Orc:2        Vaults (0/5) D:13

Altars:
Ashenzari
Dithmenos
Elyvilon
Fedhas
Gozag
Makhleb
Qazlal
Ru
Trog
Uskayaw
Vehumet
Wu Jian
Xom
Beogh

Shops:
D:10 [   D:12 (   Orc:1 %   Orc:2 :(*[[


Innate Abilities, Weirdness & Mutations

Your body is rotting away.
You thrive on raw meat.
You are immune to poison.
You have sharp fingernails.
You are carnivorous and can eat meat at any time.
Your flesh is cold resistant. (rC+)
You are immune to negative energy. (rN+++)
You do not regenerate when monsters are visible.
You are immune to unholy pain and torment.
You can survive without breathing.


Message History

Casting: Summon Ice Beast (safe; 9% risk of failure)
Confirm with . or Enter, or press ? or * to list all spells.
The heat is drained from your surroundings.
You resist.
You feel very cold.
The bullfrog is frozen.
You kill the bullfrog!
The bullfrog's corpse dissolves into shadows!
A poisoned dart appears from out of thin air!
The poisoned dart barely misses your ice beast.
The poisoned dart hits you! Something hits your ice beast!!
Your ice beast dies!
E - 16 poisoned darts (gained 1)
A poisoned dart appears from out of thin air!
The poisoned dart hits you!
You see here a poisoned dart.
Evoke which item? (* to show all) (? for menu, Esc to quit)
Aiming: Iceblast
Press: ? - help, Shift-Dir - straight line The mass of ice explodes!
The iceblast engulfs something!
A poisoned dart appears from out of thin air!
The poisoned dart hits you!
Evoke which item? (* to show all) (? for menu, Esc to quit)
Aiming: Iceblast
Press: ? - help, Shift-Dir - straight line The mass of ice explodes!
The iceblast engulfs something.
A poisoned dart appears from out of thin air!
The poisoned dart hits you!
The cyclops throws a large rock.
The large rock dissolves into shadows!
Firing (i - inventory. (/) - cycle)
N - 549 arrows (quivered)
Press: ? - help, Shift-Dir - straight line, f - cyclops
Aim: a cyclops (lightly wounded, summoned)
You shoot an arrow.
Firing (i - inventory. (/) - cycle)
N - 548 arrows (quivered)
Press: ? - help, Shift-Dir - straight line, f/p - cyclops
Aim: a cyclops (lightly wounded, summoned)
You shoot an arrow.
You can drink potions again.
Your magical contamination has completely faded away.
No target in view!
Something hits you but does no damage. Something bites you but does no damage.
Something hits you. Something bites you but does no damage. Something hits you!
Something bites you but does no damage. Something hits you.
You feel yourself slow down. Something bites you!
Firing (i - inventory. (/) - cycle)
N - 547 arrows (quivered)
Press: ? - help, Shift-Dir - straight line, f/p - cyclops
Aim: a cyclops (lightly wounded, summoned)
You shoot an arrow. The arrow barely misses the cyclops.
Something hits you!!
You convulse!
Something bites you but does no damage. Something hits you!!
* * * LOW HITPOINT WARNING * * *
Something bites you.
* * * LOW HITPOINT WARNING * * *
Okay, then.
Really read
r - 5 scrolls of teleportation {!r}?
As you read the scroll of teleportation {!r}, it crumbles to dust.
You feel strangely unstable. Something hits you.
* * * LOW HITPOINT WARNING * * *
Something bites you but does no damage. Something hits you!
* * * LOW HITPOINT WARNING * * *
You feel your power leaking away. Something bites you.
* * * LOW HITPOINT WARNING * * *
The cyclops dissolves into shadows!
Something hits you!
* * * LOW HITPOINT WARNING * * *
Something bites you!
You die...

...............## #(...#
.........h.W....# #....#
##############..# #(...#
##############..# ##(...#
....)........)..# #.....#
....)..........## ##.....#
###################......#
#################........#
.............)..@{......##
........................#
.......................##
..(.............)....###
######################
......############
##...............#
##.############.# #.#
#########.####


There were no monsters in sight!

Vanquished Creatures
  Rupert (D:13)
  Gastronok (D:8)
  The ghost of Esekla the Carver, a journeyman BaWr of Vehumet (Orc:1)
  An ettin (D:13)
  A fire dragon (D:13)
  An ice dragon (D:13)
  A hydra (D:12)
  7 centaur warriors (D:13)
  4 two-headed ogres
  A deep troll earth mage (D:13)
  Urug (D:13)
  5 orc high priests (Orc:2)
  Sonja (D:11)
  A skeletal warrior (D:13)
  2 unseen horrors (D:13)
  A wizard (D:14)
  8 orc knights (Orc:2)
  4 ugly things
  5 cyclopes
  2 manticores (D:13)
  2 gargoyles
  5 centaur zombies
  A freezing wraith (D:13)
  An efreet (D:9)
  A kobold demonologist (D:13)
  6 trolls
  5 slime creatures (D:13)
  2 meliai zombies
  A vampire (D:13)
  A shadow (D:13)
  3 hippogriffs
  5 wyverns
  Eustachio (D:4)
  4 hogs (D:7)
  17 humans
  10 yaks
  2 basilisks (D:13)
  8 vampire mosquitoes
  A warg (Orc:1)
  A steam dragon (D:13)
  2 acid dragons (D:11)
  4 soldier ants
  A water moccasin (D:13)
  4 sky beasts
  33 orc warriors
  A black bear (D:10)
  5 ice beasts
  3 eyes of draining
  A phantom (D:12)
  14 ogres
  2 necrophages
  28 centaurs
  9 big kobolds
  A gnoll sergeant (D:12)
  Blork the orc (D:4)
  10 bullfrogs
  A spectral warg (Orc:1)
  A wyvern zombie (D:12)
  A wyvern skeleton (D:11)
  3 scorpions
  A spectral ogre (Orc:1)
  An orc simulacrum (Orc:1)
  26 killer bees
  12 wights
  2 howler monkeys
  11 crimson imps
  A bullfrog zombie (D:12)
  A bullfrog skeleton (D:4)
  6 hounds
  26 orc priests
  6 jellies
  17 orc wizards
  7 centaur skeletons
  12 iguanas
  Ijyb (D:3)
  15 worker ants
  A hound zombie (D:7)
  3 hound skeletons
  2 worker ant zombies
  Robin (D:3)
  3 gnolls (D:12)
  12 adders
  7 shadow imps
  An ooze (D:6)
  2 adder skeletons (D:4)
  A worm (D:3)
  4 dart slugs
  5 leopard geckos
  95 orcs
  5 ball pythons
  5 giant cockroaches
  21 goblins
  8 hobgoblins
  4 jackals (D:2)
  17 kobolds
  2 quokkas
  4 bats
  3 frilled lizards
  A jackal skeleton (D:4)
  A leopard gecko zombie (D:7)
  A quokka zombie (D:7)
  2 rats (D:1)
607 creatures vanquished.

Vanquished Creatures (collateral kills)
  A spectral warg (Orc:1)
  A spectral ogre (Orc:1)
  2 orc simulacra (Orc:1)
4 creatures vanquished.

Grand Total: 611 creatures vanquished

Notes
Turn   | Place    | Note
-------+----------+-------------------------------------------
     0 | D:1      | Amnesiac the Ghoul Ice Elementalist began the quest for the
                  | Orb.
     0 | D:1      | Reached XP level 1. HP: 14/14 MP: 2/2
   323 | D:1      | Reached XP level 2. HP: 22/22 MP: 3/3
   467 | D:1      | Reached skill level 1 in Fighting
   755 | D:1      | Reached XP level 3. HP: 28/28 MP: 5/5
   760 | D:1      | Learned a level 3 spell: Frozen Ramparts
  1023 | D:2      | Found a shadowy altar of Dithmenos.
  1038 | D:2      | Reached skill level 5 in Ice Magic
  1255 | D:2      | Reached XP level 4. HP: 26/36 MP: 1/6
  1423 | D:2      | Found an opulent altar of Gozag.
  1977 | D:3      | Noticed a hippogriff
  1992 | D:3      | Killed a hippogriff
  1992 | D:3      | Reached skill level 6 in Ice Magic
  1992 | D:3      | Reached XP level 5. HP: 12/44 MP: 0/8
  1992 | D:3      | Reached XP level 6. HP: 14/50 MP: 0/9
  2218 | D:3      | Learned a level 3 spell: Ozocubu's Armour
  2280 | D:3      | Noticed Robin
  2298 | D:3      | Killed Robin
  2398 | D:3      | Found a radiant altar of Vehumet.
  2410 | D:3      | Became a worshipper of Vehumet
  2561 | D:3      | Noticed Ijyb
  2582 | D:3      | Killed Ijyb
  3100 | D:4      | Learned a level 4 spell: Summon Ice Beast
  3201 | D:4      | HP: 1/51 [orc priest/divine providence (15)]
  3205 | D:4      | Reached skill level 7 in Ice Magic
  3205 | D:4      | Reached XP level 7. HP: 19/57 MP: 4/11
  3644 | D:4      | Reached * piety under Vehumet
  3644 | D:4      | Offered knowledge of Shock by Vehumet.
  3690 | D:4      | Noticed Eustachio
  3747 | D:4      | Killed Eustachio
  3918 | D:4      | Noticed Blork the orc
  3930 | D:4      | Killed Blork the orc
  3930 | D:4      | Reached skill level 8 in Ice Magic
  4253 | D:5      | Entered Level 5 of the Dungeon
  4265 | D:5      | Reached XP level 8. HP: 67/67 MP: 12/12
  4414 | D:5      | Found a staircase to the Ecumenical Temple.
  4601 | D:5      | Reached skill level 5 in Fighting
  4612 | D:5      | Found an opulent altar of Gozag.
  4668 | D:5      | Reached skill level 9 in Ice Magic
  4799 | D:6      | Found a shadowy altar of Dithmenos.
  4860 | D:6      | Found a shimmering altar of Xom.
  4936 | D:6      | Reached ** piety under Vehumet
  4936 | D:6      | Offered knowledge of Sandblast by Vehumet.
  5395 | D:7      | Reached XP level 9. HP: 72/74 MP: 7/15
  5425 | D:7      | Got a clouded silver ring
  5451 | D:7      | Identified the ring of Duenk {+Blink rElec rPois MR+} (You
                  | found it on level 7 of the Dungeon)
  5491 | D:7      | Reached skill level 5 in Spellcasting
  5519 | D:7      | Reached skill level 10 in Ice Magic
  5571 | D:7      | Found a white marble altar of Elyvilon.
  5597 | D:7      | Found a sacrificial altar of Ru.
  5600 | D:7      | Found a burning altar of Makhleb.
  5825 | D:7      | Offered knowledge of Stone Arrow by Vehumet.
  5894 | D:7      | Learned a level 4 spell: Hailstorm
  6331 | D:8      | Reached *** piety under Vehumet
  6331 | D:8      | Reached skill level 11 in Ice Magic
  6422 | D:8      | Noticed Gastronok
  6469 | D:8      | Killed Gastronok
  6469 | D:8      | Reached skill level 12 in Ice Magic
  6469 | D:8      | Reached XP level 10. HP: 42/88 MP: 6/18
  6535 | D:8      | Got a scorched scale mail
  6546 | D:8      | Identified the +2 scale mail of Divine Compulsion {Str-4
                  | Int+8 Slay+4} (You found it on level 8 of the Dungeon)
  6581 | D:8      | Found a hide-covered altar of Uskayaw.
  6622 | D:8      | Offered knowledge of Dazzling Flash by Vehumet.
  6926 | D:8      | Found a stormy altar of Qazlal.
  6946 | D:8      | Found a blossoming altar of Fedhas.
  7074 | D:9      | Reached **** piety under Vehumet
  7100 | D:9      | Offered knowledge of Airstrike by Vehumet.
  7109 | D:9      | Found a shattered altar of Ashenzari.
  7138 | D:9      | Found a bloodstained altar of Trog.
  7277 | D:9      | Noticed a two-headed ogre
  7294 | D:9      | Killed a two-headed ogre
  7346 | D:9      | Found an ornate altar of the Wu Jian Council.
  7382 | D:9      | Reached skill level 13 in Ice Magic
  7382 | D:9      | Reached XP level 11. HP: 86/95 MP: 20/20
  8148 | D:10     | Entered Level 10 of the Dungeon
  8154 | D:10     | Found a staircase to the Lair.
  8370 | D:10     | Reached skill level 1 in Shields
  8381 | D:10     | Reached ***** piety under Vehumet
  8381 | D:10     | Offered knowledge of Spellforged Servitor by Vehumet.
  8754 | D:10     | Found Iplufeod's Armour Boutique.
  9109 | D:11     | Noticed a cyan ugly thing
  9117 | D:11     | Noticed a cyclops
  9131 | D:11     | Killed a cyan ugly thing
  9152 | D:11     | Killed a cyclops
  9152 | D:11     | Reached skill level 14 in Ice Magic
  9224 | D:11     | Noticed a white ugly thing
  9239 | D:11     | Killed a red ugly thing
  9352 | D:11     | Noticed a two-headed ogre
  9364 | D:11     | Killed a two-headed ogre
  9364 | D:11     | Offered knowledge of Fulminant Prism by Vehumet.
  9364 | D:11     | Reached skill level 10 in Fighting
  9364 | D:11     | Reached XP level 12. HP: 81/106 MP: 16/23
  9588 | D:11     | Noticed Sonja
  9594 | D:11     | Killed Sonja
  9687 | D:11     | Got a transparent shortbow
  9766 | D:11     | Identified the +4 shortbow of Rorimaj {speed, +Inv rN++}
                  | (You found it on level 11 of the Dungeon)
 10072 | D:11     | Learned a level 6 spell: Ozocubu's Refrigeration
 10246 | D:12     | Offered knowledge of Conjure Ball Lightning by Vehumet.
 10329 | D:12     | Noticed a seven-headed hydra
 10341 | D:12     | Reached skill level 15 in Ice Magic
 10344 | D:12     | Killed a seven-headed hydra
 10850 | D:12     | Found Masanous's Weapon Boutique.
 11001 | D:12     | Found a staircase to the Orcish Mines.
 11083 | Orc:1    | Entered Level 1 of the Orcish Mines
 11090 | Orc:1    | Found Kemniz's Food Emporium.
 11164 | Orc:2    | Entered Level 2 of the Orcish Mines
 11306 | Orc:2    | Found Aletuf's Book Emporium.
 11443 | Orc:2    | Found a staircase to the Elven Halls.
 11478 | Orc:2    | Reached XP level 13. HP: 114/114 MP: 22/25
 11478 | Orc:2    | Offered knowledge of Bolt of Magma by Vehumet.
 11486 | Orc:2    | Reached skill level 16 in Ice Magic
 11832 | Orc:2    | Found Suemuquts's Weapon Shop.
 11833 | Orc:2    | Found Vorr's Antique Armour Boutique.
 11833 | Orc:2    | Found Dosogres's Assorted Antiques.
 11834 | Orc:2    | Found Hor Vomp's Antique Armour Shop.
 11843 | Orc:2    | Bought a scroll labeled TUYDIUZIPN for 20 gold pieces
 11850 | Orc:2    | Bought the +2 hat of the Bear Spirit {Spirit, +Rage rN+
                  | MR++} for 1251 gold pieces
 11850 | Orc:2    | Found the +2 hat of the Bear Spirit {Spirit, +Rage rN+
                  | MR++}
 12043 | Orc:1    | Found a runed translucent gate.
 12057 | Orc:1    | Found a roughly hewn altar of Beogh.
 12088 | Orc:1    | Reached ****** piety under Vehumet
 12236 | Orc:1    | Found a runed translucent gate.
 12236 | Orc:1    | Found a runed translucent gate.
 12238 | Orc:1    | Noticed Esekla's ghost (journeyman BaWr)
 12378 | Orc:1    | Offered knowledge of Starburst by Vehumet.
 12449 | Orc:1    | Killed Esekla's ghost
 12542 | D:13     | Found a gate to the Vaults.
 12542 | D:13     | Noticed Rupert
 12542 | D:13     | Noticed Urug
 12875 | D:13     | Reached skill level 17 in Ice Magic
 12875 | D:13     | Reached skill level 10 in Spellcasting
 12877 | D:13     | Killed Urug
 12878 | D:13     | Killed Rupert
 12878 | D:13     | Reached XP level 14. HP: 75/121 MP: 10/27
 13275 | D:13     | Offered knowledge of Iron Shot by Vehumet.
 13558 | D:13     | Reached skill level 18 in Ice Magic
 13958 | D:13     | Noticed a vampire knight
 14629 | D:13     | Offered knowledge of Orb of Destruction by Vehumet.
 15576 | D:13     | Identified a scroll of acquirement {!r}
 15576 | D:13     | Identified the amulet "Byenesi" {rC- Regen+ Int+2 Slay+3}
                  | (You acquired it on level 13 of the Dungeon)
 15993 | D:13     | Identified the +3 flail "Itwir" {chaos, +Fly rElec rPois
                  | MR-}
 16029 | D:13     | HP: 6/128 [something (12)]
 16029 | D:13     | Slain by a vampire knight

Levels and vault maps discovered:
D:1:      zaba_arrival_water, layout_basic, nrook_mini_vaults
D:2:      layout_basic, lemuel_round_altar, old_standard_altar
D:3:      layout_basic, vehumet_crystals, minmay_misc_feat_columns, uniq_robin,
          uniq_ijyb
D:4:      layout_loops_corners, first_ration, kennysheep_generic_room_3,
          uniq_blork_the_orc, uniq_eustachio
D:5:      layout_cave_pools, minmay_temple_entry_grid, grunt_gozag_statues
D:6:      layout_cave_pools, xom_teletrap_fun, nicolae_dithmenos_shadow_blocks
D:7:      layout_basic, minitemple, hangedman_decor_slide_cut, grunt_livestock
D:8:      layout_cave_pools, grunt_temple_overflow_forces_of_nature,
          nicolae_overflow_crystal_walls, uniq_gastronok
D:9:      layout_loops_ring, nicolae_overflow_hidden_temple, old_standard_altar,
          nicolae_ashenzari_panopticon, minmay_mirror_moons_of_madness
D:10:     layout_roguey, lair_entry_dummy, serial_shops, shop_coins
D:11:     layout_loops_ring, uniq_sonja
D:12:     layout_cave_pools, kennysheep_orc_monster_closet_entryway,
          serial_shops, nicolae_shop_window_shopping, special_room
          [special_room_orc]
D:13:     minmay_nested_s, layout_loops_corners, david_vaults_3
D:14:     layout_irregular_city, serial_park_square2
Orc:1:    layout_caves, serial_shops, shop, gammafunk_ghost_necromancy,
          basic_altar
Orc:2:    st_orc_pillars, layout_diamond_mine, serial_shops, shop

Skill      XL: |  1  2  3  4  5  6  7  8  9 10 11 12 13 14 |
---------------+-------------------------------------------+-----
Spellcasting   | 2 3 4 6 7 8 9 10 | 10.9
Fighting       | 1 2 3 4 5 8 10 11 12 13 | 13.5
Ice Magic      | 5 6 7 8 9 12 13 14 15 17 18 | 18.7
Shields        | 3 4 |  4.0
Dodging        | |  1.7
Stealth        | |  2.1

Action                   |  1- 3 |  4- 6 |  7- 9 | 10-12 | 13-15 || total
-------------------------+-------+-------+-------+-------+-------++-------
 Fire: Hunting sling     |    89 |   117 |   240 |   404 |       ||   850
       Shortbow          |       |       |       |   165 |   443 ||   608
Throw: Dart              |       |       |    10 |     2 |       ||    12
 Cast: Freeze            |    25 |    20 |    52 |    47 |       ||   144
       Frozen Ramparts   |     2 |     7 |    27 |    42 |     3 ||    81
       Ozocubu's Refrige |       |       |       |    21 |    82 ||   103
       Summon Ice Beast  |       |       |       |       |    14 ||    14
       Hailstorm         |       |       |       |       |     3 ||     3
Evoke: Wand              |       |       |       |     1 |     3 ||     4
  Use: Scroll            |       |     1 |    11 |     4 |     5 ||    21
       Potion            |       |       |       |     2 |     8 ||    10
  Eat: Chunk             |     7 |    17 |    20 |    82 |    47 ||   173
Armor: Robe              |     9 |       |       |       |       ||     9
       Leather armour    |       |    14 |    37 |     1 |       ||    52
       Scale mail        |       |       |       |   236 |   139 ||   375
Dodge: Dodged            |    31 |    50 |    96 |   173 |   111 ||   461

Table legend:
 A = Non-vault XP
 B = Vault XP
 C = Vault XP percentage of total XP
 D = Non-vault monster count
 E = Vault monster count
 F = Vault count percentage of total count
                 A         B        C        D         E       F
            +---------+---------+-------+---------+---------+-------
      Total |   36529 |   47173 |  56.4 |     401 |     210 |  34.4
            +---------+---------+-------+---------+---------+-------
        D:1 |      35 |       0 |   0.0 |      20 |       0 |   0.0
        D:2 |     105 |       0 |   0.0 |      18 |       0 |   0.0
        D:3 |     280 |      73 |  20.7 |      22 |      13 |  37.1
        D:4 |     403 |     293 |  42.1 |      19 |       2 |   9.5
        D:5 |     589 |       0 |   0.0 |      14 |       0 |   0.0
        D:6 |     566 |       0 |   0.0 |      12 |       0 |   0.0
        D:7 |     635 |    1009 |  61.4 |      18 |       5 |  21.7
        D:8 |    1596 |    2245 |  58.4 |      31 |       1 |   3.1
        D:9 |    2228 |     555 |  19.9 |      27 |       6 |  18.2
       D:10 |    2444 |       0 |   0.0 |      34 |       0 |   0.0
       D:11 |    9419 |     802 |   7.8 |      69 |       1 |   1.4
       D:12 |    5768 |    2050 |  26.2 |      48 |      40 |  45.5
       D:13 |    9511 |   26779 |  73.8 |      40 |      73 |  64.6
       D:14 |    1043 |       0 |   0.0 |       5 |       0 |   0.0
      Orc:1 |     561 |    1312 |  70.0 |      12 |       8 |  40.0
      Orc:2 |    1346 |   12055 |  90.0 |      12 |      61 |  83.6
            +---------+---------+-------+---------+---------+-------
